 Dungeon Crawl Stone Soup version 0.20-a0-1065-g8446734 (webtiles) character file.

12793 Gorglomux the Severer (level 11, -12/124 HPs)
             Began as a Hill Orc Monk on Apr 28, 2017.
             Was a High Priest of Okawaru.
             Mangled by a spriggan rider
             ... wielding a +0 spear
              (21 damage)
             ... on level 1 of the Lair of Beasts.
             The game lasted 00:29:54 (14671 turns).

Gorglomux the Severer (Hill Orc Monk)              Turns: 14671, Time: 00:29:54

Health: -12/124    AC: 15    Str: 22    XL:     11   Next: 98%
Magic:  27/27      EV:  8    Int: 13    God:    Okawaru [*****.]
Gold:   236        SH:  0    Dex:  9    Spells: 10/10 levels left

rFire    . . .     SeeInvis .   a - +0 battleaxe (freeze)
rCold    . . .     Gourm    .   (shield currently unavailable)
rNeg     . . .     Faith    .   x - +0 chain mail
rPois    +         Spirit   .   G - +0 helmet {Int+3}
rElec    +         Reflect  .   w - +2 cloak
rCorr    .         Harm     .   (no gloves)
MR       .....                  i - +2 pair of boots
Stlth    ..........             O - amulet of rage {+Rage, !d}
Regen    0.3/turn               I - ring of poison resistance {rPois, !d}
MPRegen  0.2/turn               q - ring of Cirryxzo {rElec MP+9 Dex-5 Slay+2}

@: berserking, very quick
A: no striking features
a: Heroism, Finesse, Renounce Religion, Evoke Berserk Rage


You were on level 1 of the Lair of Beasts.
You worshipped Okawaru.
Okawaru was extremely pleased with you.
You were very hungry.

You visited 2 branches of the dungeon, and saw 12 of its levels.
You also visited: Bailey.

You collected 670 gold pieces.
You spent 434 gold pieces at shops.

Inventory:

Hand Weapons
 a - a +0 battleaxe of freezing (weapon)
   (You took it off a wight on level 10 of the Dungeon)
 b - a +1 hunting sling of flaming
   (You took it off a goblin on level 3 of the Dungeon)
 u - a +2 executioner's axe of pain
   (You acquired it on level 1 of the Lair of Beasts)
 T - a +2 scimitar of flaming
   (You took it off Erica on level 9 of the Dungeon)
Missiles
 y - 71 sling bullets
Armour
 i - a +2 pair of boots (worn)
   (You found it on level 1 of the Dungeon)
 w - a +2 cloak (worn)
   (You found it on level 3 of the Dungeon)
 x - a +0 chain mail (worn)
   (You found it on level 10 of the Dungeon)
 G - a +0 helmet of intelligence (worn)
   (You acquired it on level 1 of the Lair of Beasts)
Jewellery
 q - the ring of Cirryxzo (right hand) {rElec MP+9 Dex-5 Slay+2}
   (You found it on level 4 of the Dungeon)

   [ring of magical power]

   It affects your dexterity (-5).
   It affects your accuracy and damage with ranged weapons and melee attacks
   (+2).
   It insulates you from electricity.
   It affects your magic capacity (+9).
 E - an uncursed ring of see invisible {sInv, !d}
   (You found it on level 5 of the Dungeon)
 I - a ring of poison resistance (left hand) {rPois, !d}
   (You found it on level 6 of the Dungeon)
 O - an amulet of rage (around neck) {+Rage, !d}
   (You found it on level 6 of the Dungeon)
Wands
 A - a wand of flame (18/48)
   (You found it on level 4 of the Dungeon)
 H - a wand of disintegration (10/24)
   (You found it on level 9 of the Dungeon)
 P - a wand of acid (10/15)
   (You found it on level 6 of the Dungeon)
 Q - a wand of digging (9/24)
   (You found it on level 8 of the Dungeon)
Scrolls
 j - a scroll of immolation {!r}
 l - 2 scrolls of identify
 m - 3 scrolls of magic mapping {!r}
 p - 2 scrolls of enchant armour
 s - a scroll of fog {unknown}
 D - 6 scrolls of teleportation
 K - a scroll of vulnerability {unknown}
 M - a scroll of remove curse
 R - a scroll of silence {unknown}
 U - a scroll of recharging {unknown}
 V - 3 scrolls of fear
 Z - 2 scrolls of amnesia
Potions
 d - 4 potions of resistance
 e - a potion of cancellation
 f - 9 potions of curing
 g - 2 potions of invisibility
 h - 3 potions of brilliance {unknown}
 k - 3 potions of agility
 o - a potion of magic {unknown}
 r - a potion of mutation {!q}
 v - 2 potions of ambrosia
 B - 3 potions of flight
 C - a potion of heal wounds {unknown}
 F - 3 potions of berserk rage {!q}
 N - 4 potions of lignification {!q}
 S - 3 potions of might
Miscellaneous
 Y - a lightning rod (inert)
   (You found it on level 9 of the Dungeon)
Comestibles
 c - 7 bread rations {@e1@e1}
 n - 9 fruits
 t - a chunk of flesh {@w0@w0}
 z - 4 meat rations {@e2@e2}


   Skills:
 - Level 3.9 Fighting
 * Level 19.6 Axes
 - Level 2.4 Dodging
 - Level 1.5 Stealth
 - Level 10.1 Invocations
 - Level 4.4 Evocations


You had 10 spell levels left.
You didn't know any spells.

Dungeon Overview and Level Annotations

Branches:
Dungeon (11/15)            Temple (0/1) D:7            Lair (1/6) D:8
    Orc (0/2) D:11

Altars:
Ashenzari
Cheibriados
Elyvilon
Hepliaklqana
Kikubaaqudgha
Nemelex Xobeh
Okawaru
Ru
Sif Muna
Uskayaw
Wu Jian
The Shining One

Shops:
D:5 *   D:10 *:}*

Annotations:
D:9 exclusion: ice statue


Message History

You kill the wolf!
Okawaru accepts your kill.
You barely miss the wolf. You slash the blink frog! You freeze the blink frog.
You closely miss the wolf. You slash the wolf! You freeze the wolf.
You kill the wolf!
Okawaru accepts your kill.
You barely miss the wolf. The wolf bites you!
The blink frog completely misses you. The wolf bites you but does no damage.
The spriggan rider hits you from afar with a spear!
A wolf comes into view.
The wolf howls!
The wolf bites you but does no damage. x2
Unknown command.
You take 19 damage, and have 42/83 hp.
MASSIVE DAMAGE!!
A red film seems to cover your vision as you go berserk!
You feel yourself moving faster!
You feel mighty!
You are feeling very hungry.
The wolf barely misses you. The wolf bites you but does no damage.
The blink frog blinks!
The wolf pauses to sniff the ground.
The wolf bites you but does no damage.
The blink frog blinks!
The wolf bites you but does no damage. x2; The wolf bites you.
The wolf bites you but does no damage. The wolf bites you!
The blink frog hits you!
The spriggan rider hits you from afar with a spear!
* * * LOW HITPOINT WARNING * * *
The wolf bites you but does no damage.
You now have 31/124 hp.
Unknown command.
Unknown command.
Your chain mail prevents you from hitting the wolf. x2
You closely miss the wolf. You slice the wolf!! You freeze the wolf.
You kill the wolf!
Okawaru accepts your kill.
You slash the wolf! You freeze the wolf.
You kill the wolf!
Okawaru accepts your kill.
You closely miss the wolf. You miss the blink frog.
The wolf closely misses you. The wolf bites you.
* * * LOW HITPOINT WARNING * * *
The wolf bites you but does no damage. The blink frog barely misses you.
You take 4 damage, and have 27/124 hp.
You slice the wolf!! You freeze the wolf.
You kill the wolf!
Okawaru accepts your kill.
You closely miss the blink frog.
Your chain mail prevents you from hitting the wolf. x2
You miss the wolf.
The wolf stops to sniff the ground. x2
The wolf bites you but does no damage.
The blink frog blinks!
The wolf bites you but does no damage. The spriggan rider barely misses you.
Unknown command.
You slash the wolf! You freeze the wolf. You closely miss the wolf. x2
You miss the wolf. You slash the wolf! You freeze the wolf.
You kill the wolf!
Okawaru accepts your kill.
You closely miss the blink frog. The wolf barely misses you.
The wolf bites you but does no damage. The blink frog hits you!
* * * LOW HITPOINT WARNING * * *
The blink frog blinks!
The wolf barely misses you.
You take 10 damage, and have 17/124 hp.
Unknown command.
You hit the wolf. You freeze the wolf.
You kill the wolf!
Okawaru accepts your kill.
You barely miss the wolf. You hit the wolf. You freeze the wolf.
You hit the wolf. You freeze the wolf. You barely miss the wolf.
The blink frog blinks!
The wolf bites you.
* * * LOW HITPOINT WARNING * * *
The spriggan rider barely misses you.
The blink frog blinks!
You take 3 damage, and have 14/124 hp.
Unknown command.
You slash the wolf! You freeze the wolf! You miss the wolf. You hit the wolf.
You freeze the wolf. You closely miss the wolf.
Your chain mail prevents you from hitting the wolf.
You miss the wolf. The wolf bites you but does no damage.
The wolf barely misses you. The wolf bites you.
* * * LOW HITPOINT WARNING * * *
You take 3 damage, and have 11/124 hp.
Unknown command.
You barely miss the wolf. You closely miss the wolf.
Your chain mail prevents you from hitting the wolf.
You hit the wolf but do no damage. You slash the wolf! You freeze the wolf.
You kill the wolf!
Okawaru accepts your kill.
You closely miss the wolf. You miss the wolf. The wolf closely misses you.
The wolf bites you but does no damage. The wolf barely misses you.
The wolf bites you.
* * * LOW HITPOINT WARNING * * *
You take 2 damage, and have 9/124 hp.
Unknown command.
You slice the wolf!! You freeze the wolf.
You kill the wolf!
Okawaru accepts your kill.
You miss the wolf. You hit the wolf but do no damage. You slash the wolf!
You freeze the wolf. You closely miss the wolf. You slash the wolf!
You freeze the wolf.
The spriggan rider hits you from afar with a spear!!
You die...

.........#.....#P.......
........................
........>#.............
.........#####.#....##
........# ##.....#
........# #......#
......... ##...§.##
........####..hh..#
.............h@h##
.....F†hh# .....hFhih.
..%%..h♣h#.#
..♣.....♣♣♣# ........
...%..%. .......


You could see a spriggan rider, a spiny frog, a blink frog and 11 wolves.

Vanquished Creatures
  Fannar (Lair:1)
  Erica (D:9)
  2 two-headed ogres
  A manticore (D:11)
  An ugly thing (D:11)
  A spiny frog (Lair:1)
  2 polar bears (D:10)
  A hornet (D:11)
  A hippogriff (D:9)
  A wraith (D:11)
  Sigmund (D:2)
  2 yaks (D:10)
  A spriggan (D:7)
  2 wyverns (D:10)
  A basilisk (Lair:1)
  Menkaure (D:7)
  Edmund (D:5)
  An acid dragon (D:10)
  2 hell hounds (D:8)
  2 orc warriors
  2 ice beasts (D:9)
  A phantom (D:5)
  A black bear (D:10)
  2 sky beasts
  10 ogres
  3 centaurs
  12 wolves (Lair:1)
  A crocodile (Lair:1)
  2 big kobolds
  Blork the orc (D:4)
  5 bullfrogs
  4 scorpions
  A water moccasin skeleton (D:11)
  A killer bee (D:7)
  9 wights
  2 electric eels (D:10)
  7 howler monkeys
  2 crimson imps
  2 centaur zombies
  A quasit (D:7)
  3 bullfrog zombies
  A wyvern simulacrum (D:10)
  4 hounds
  3 jellies
  6 orc priests
  4 orc wizards
  3 bullfrog skeletons
  2 centaur skeletons
  5 iguanas
  Natasha (twice) (D:3)
  9 worker ants
  2 killer bee zombies
  A hound skeleton (D:8)
  2 worker ant zombies (D:5)
  A howler monkey zombie (D:9)
  A killer bee simulacrum (D:10)
  4 gnolls (D:3)
  7 adders
  A howler monkey skeleton (D:4)
  3 river rats (D:8)
  2 hound simulacra (D:10)
  2 shadow imps (D:6)
  6 white imps (D:10)
  3 oozes
  An ufetubus (D:10)
  2 adder skeletons
  2 adder zombies (D:5)
  4 dart slugs
  2 worms
  4 leopard geckos
  40 orcs
  3 bats
  4 giant cockroaches
  6 hobgoblins
  9 jackals
  15 kobolds
  4 quokkas
  4 frilled lizards
  6 goblins
  A jackal skeleton (D:6)
  A jackal zombie (D:5)
  A leopard gecko skeleton (D:9)
  A leopard gecko zombie (D:9)
  25 rats
307 creatures vanquished.

Vanquished Creatures (others)
  5 killer bees (D:7)
  A howler monkey (D:7)
  A plant (D:10)
7 creatures vanquished.

Grand Total: 314 creatures vanquished

Notes
Turn   | Place    | Note
-------+----------+-------------------------------------------
     0 | D:1      | Gorglomux the Hill Orc Monk began the quest for the Orb.
     0 | D:1      | Reached XP level 1. HP: 19/19 MP: 1/1
   188 | D:1      | Reached XP level 2. HP: 22/26 MP: 2/2
   436 | D:1      | Reached skill level 5 in Axes
   897 | D:2      | Reached XP level 3. HP: 25/31 MP: 3/3
  1136 | D:2      | Reached skill level 6 in Axes
  1194 | D:2      | Noticed Sigmund
  1222 | D:2      | Killed Sigmund
  1222 | D:2      | Reached skill level 8 in Axes
  1222 | D:2      | Reached XP level 4. HP: 14/39 MP: 4/4
  1222 | D:2      | Reached XP level 5. HP: 17/45 MP: 5/5
  2095 | D:2      | Reached XP level 6. HP: 51/51 MP: 6/6
  2234 | D:3      | Found a sacrificial altar of Ru.
  2234 | D:3      | Found an ornate altar of the Wu Jian Council.
  2240 | D:3      | Found an iron altar of Okawaru.
  2242 | D:3      | Found a hazy altar of Hepliaklqana.
  2244 | D:3      | Found a snail-covered altar of Cheibriados.
  2260 | D:3      | Became a worshipper of Warmaster Okawaru
  2260 | D:3      | Reached * piety under Okawaru
  2260 | D:3      | Reached ** piety under Okawaru
  2449 | D:3      | Reached skill level 1 in Invocations
  2584 | D:3      | Noticed Natasha
  2595 | D:3      | Killed Natasha
  2985 | D:3      | Reached skill level 9 in Axes
  3472 | D:3      | Noticed Natasha
  3483 | D:3      | Killed Natasha
  3483 | D:3      | Reached skill level 2 in Invocations
  3704 | D:4      | Got a fine granite ring
  3744 | D:4      | Noticed Blork the orc
  3754 | D:4      | HP: 12/51 [Blork the orc/trident (7)]
  3763 | D:4      | Killed Blork the orc
  3763 | D:4      | Reached XP level 7. HP: 8/57 MP: 6/9
  4029 | D:4      | Reached skill level 3 in Invocations
  4055 | D:4      | Reached skill level 10 in Axes
  4221 | D:4      | Reached skill level 4 in Invocations
  4515 | D:4      | Reached XP level 8. HP: 57/64 MP: 11/11
  4727 | D:5      | Entered Level 5 of the Dungeon
  4752 | D:5      | Reached skill level 11 in Axes
  5006 | D:5      | Reached skill level 5 in Invocations
  5013 | D:5      | Identified the ring of Cirryxzo {rElec MP+9 Dex-5 Slay+2} (You found it on level 4 of the Dungeon)
  5070 | D:5      | Reached *** piety under Okawaru
  5453 | D:5      | Found Nuevat's Assorted Antiques.
  5456 | D:5      | Bought 3 scrolls of identify for 162 gold pieces
  5456 | D:5      | Bought a ruby potion for 24 gold pieces
  5456 | D:5      | Bought a scroll labeled QOASIE TIBY for 27 gold pieces
  5484 | D:5      | Noticed Edmund
  5494 | D:5      | Killed Edmund
  5590 | D:5      | Reached skill level 6 in Invocations
  5735 | D:5      | Found a glowing golden altar of the Shining One.
  5824 | D:5      | Reached skill level 12 in Axes
  6125 | D:6      | Found an ancient bone altar of Kikubaaqudgha.
  6756 | D:6      | Found a deep blue altar of Sif Muna.
  7049 | D:6      | Reached XP level 9. HP: 43/70 MP: 14/14
  7224 | D:7      | Reached skill level 7 in Invocations
  7232 | D:7      | Reached **** piety under Okawaru
  7232 | D:7      | Reached skill level 13 in Axes
  7263 | D:7      | Found a flagged portal.
  7352 | Bailey   | Entered a bailey
  7478 | D:7      | Noticed Menkaure
  7495 | D:7      | HP: 18/105 [??? (15)]
  7496 | D:7      | Killed Menkaure
  7714 | D:7      | Reached skill level 8 in Invocations
  7975 | D:7      | Found a shattered altar of Ashenzari.
  8412 | D:7      | Found a staircase to the Ecumenical Temple.
  8448 | D:8      | Reached skill level 14 in Axes
  8974 | D:8      | Found a staircase to the Lair.
  9000 | D:8      | Reached skill level 9 in Invocations
  9178 | D:8      | Reached ***** piety under Okawaru
  9461 | D:8      | Got a faintly glowing long sword
  9462 | D:8      | Identified the +6 long sword of Pedaerosu {slice, Str-4 Int+6} (You found it on level 8 of the Dungeon)
  9664 | D:8      | Reached XP level 10. HP: 57/77 MP: 17/17
  9812 | D:9      | Noticed Erica
  9821 | D:9      | Killed Erica
  9821 | D:9      | Reached skill level 15 in Axes
  9821 | D:9      | Reached skill level 10 in Invocations
  9939 | D:9      | Noticed an ice statue
 10050 | D:9      | Found a hide-covered altar of Uskayaw.
 10077 | D:9      | Noticed a hand axe
 10080 | D:9      | Noticed a hand axe
 10168 | D:9      | Reached skill level 1 in Evocations
 10174 | D:9      | Noticed a two-headed ogre
 10364 | D:9      | Found a white marble altar of Elyvilon.
 10687 | D:9      | Found a sparkling altar of Nemelex Xobeh.
 10698 | D:9      | HP: 18/78 [hippogriff (4)]
 10700 | D:9      | Reached skill level 16 in Axes
 10704 | D:9      | HP: 9/78 [poisoned by a worker ant]
 10711 | D:9      | HP: 8/78 [poisoned by a worker ant]
 10842 | D:9      | HP: 11/78 [two-headed ogre/giant spiked club (26)]
 10988 | D:9      | Killed a two-headed ogre
 10988 | D:9      | Received a gift from Okawaru
 10988 | D:9      | Reached skill level 2 in Evocations
 10993 | D:9      | Got a shadowed robe {god gift}
 11302 | D:9      | Reached skill level 3 in Evocations
 11771 | D:10     | Entered Level 10 of the Dungeon
 11786 | D:10     | Reached XP level 11. HP: 50/83 MP: 18/18
 12019 | D:10     | Reached skill level 4 in Evocations
 12068 | D:10     | Reached skill level 17 in Axes
 12256 | D:10     | Found Nugydgh's General Store.
 12263 | D:10     | Found Bixiyt's Gadget Shop.
 12266 | D:10     | Bought a scroll of identify for 30 gold pieces
 12266 | D:10     | Found Lush's Book Boutique.
 12344 | D:10     | HP: 16/83 [white imp/puff of frost (9)]
 12384 | D:10     | HP: 18/83 [wyvern simulacrum (9)]
 13244 | D:10     | Found Yshriff's Assorted Antiques.
 13535 | D:10     | Bought a scroll labeled PEMIHA NOWEICI for 29 gold pieces
 13535 | D:10     | Bought a scroll of identify for 58 gold pieces
 13535 | D:10     | Bought 2 bubbling clear potions for 52 gold pieces
 13535 | D:10     | Bought a purple potion for 26 gold pieces
 13535 | D:10     | Bought an amethyst potion for 26 gold pieces
 13732 | D:11     | Noticed a manticore
 13749 | D:11     | Killed a manticore
 13898 | D:10     | Noticed a two-headed ogre
 13904 | D:10     | Killed a two-headed ogre
 13904 | D:10     | Reached skill level 18 in Axes
 13983 | D:11     | Noticed a cyan ugly thing
 14041 | D:11     | Killed a cyan ugly thing
 14274 | D:11     | Found a staircase to the Orcish Mines.
 14425 | Lair:1   | Entered Level 1 of the Lair of Beasts
 14556 | Lair:1   | Noticed Fannar
 14574 | Lair:1   | Reached skill level 19 in Axes
 14576 | Lair:1   | Killed Fannar
 14602 | Lair:1   | Identified 2 scrolls of acquirement
 14657 | Lair:1   | Noticed a spriggan rider
 14659 | Lair:1   | Received a gift from Okawaru
 14664 | Lair:1   | HP: 31/124 [spriggan rider/spear (7)]
 14668 | Lair:1   | HP: 14/124 [wolf (3)]
 14671 | Lair:1   | Mangled by a spriggan rider

Vault maps used:
D:1:      ncdulo_watergridlock, minmay_misc_feat_hallway
D:2:      uniq_sigmund
D:3:      kennysheep_big_flooded_room, chequers_temple_overflow_minitemple,
          uniq_natasha
D:4:      first_bread, small_statue_intersection, uniq_blork_the_orc
D:5:      tso_oasis_becter, serial_undead, serial_undead_d, serial_undead_a,
          serial_undead_f, serial_undead_d, serial_shops,
          nicolae_shop_behind_doors, uniq_edmund
D:6:      led_sif_pool, lemuel_zombie_altar_kikubaaqudgha, dk_noncrumbling_2
D:7:      kennysheep_little_box, lemuel_temple_firewalk_a, enter_bailey_2,
          the_bakery, bh_walls_and_bars, uniq_menkaure
D:8:      minmay_lair_entry_lava, dk_rats_in_the_wall
D:9:      lemuel_ice_statue, dancing_weapons_uskayaw, lemuel_crystal_altar,
          nemelex_xobeh_ov_fountains_minmay, nicolae_underground_beach,
          uniq_erica
D:10:     serial_shops, nicolae_shop_waterfront, shop, shop,
          nicolae_shop_overgrown_old_shop, serial_ice, serial_ice_l,
          serial_ice_e, serial_ice_f, serial_ice_b, serial_ice_n, serial_ice_d,
          serial_ice_a
D:11:     lemuel_ogre_cave, orc_0_dummy, grunt_ministairs_12
Lair:1:   grunt_forest_large_clearings, lemuel_fruit_tree,
          infiniplex_staircase_pool_2, uniq_fannar
Bailey:   bailey_polearm_4, bailey

Skill      XL: |  1  2  3  4  5  6  7  8  9 10 11 |
---------------+----------------------------------+-----
Axes           | 5 8 9 10 12 14 16 19 | 19.6
Invocations    | 2 4 6 9 10 | 10.1
Evocations     | 3 4 |  4.4
Fighting       | |  3.9
Dodging        | |  2.4
Stealth        | |  1.5

Action                   |  1- 3 |  4- 6 |  7- 9 | 10-12 || total
-------------------------+-------+-------+-------+-------++-------
Melee: Hand axe          |    96 |   224 |   248 |       ||   568
       Punch             |       |       |     1 |     1 ||     2
       War axe           |       |       |   223 |   181 ||   404
       Long sword        |       |       |     5 |       ||     5
       Battleaxe         |       |       |       |   140 ||   140
       Executioner's axe |       |       |       |     4 ||     4
 Fire: Hunting sling     |       |     1 |    25 |    13 ||    39
Invok: Heroism           |       |     2 |     5 |     8 ||    15
       Finesse           |       |       |       |     1 ||     1
 Abil: Evoke Berserk Rag |       |       |     3 |    12 ||    15
Evoke: Wand              |       |       |       |     8 ||     8
       Lightning rod     |       |       |       |     4 ||     4
  Use: Potion            |     1 |       |       |       ||     1
       Scroll            |       |     4 |     7 |    18 ||    29
 Stab: Sleeping          |     2 |     2 |     2 |     1 ||     7
       Distracted        |       |     1 |       |       ||     1
  Eat: Chunk             |     1 |     8 |    21 |    22 ||    52
       Royal jelly       |       |       |       |     2 ||     2
Armor: Robe              |    15 |    18 |       |       ||    33
       Leather armour    |       |    23 |    76 |    45 ||   144
       Chain mail        |       |       |       |   100 ||   100
Dodge: Dodged            |    74 |   118 |   208 |   184 ||   584
       Rpst.: Long sword |       |       |     1 |       ||     1

Vault maps used:
D:1:      ncdulo_watergridlock, minmay_misc_feat_hallway
D:2:      uniq_sigmund
D:3:      kennysheep_big_flooded_room, chequers_temple_overflow_minitemple,
          uniq_natasha
D:4:      first_bread, small_statue_intersection, uniq_blork_the_orc
D:5:      tso_oasis_becter, serial_undead, serial_undead_d, serial_undead_a,
          serial_undead_f, serial_undead_d, serial_shops,
          nicolae_shop_behind_doors, uniq_edmund
D:6:      led_sif_pool, lemuel_zombie_altar_kikubaaqudgha, dk_noncrumbling_2
D:7:      kennysheep_little_box, lemuel_temple_firewalk_a, enter_bailey_2,
          the_bakery, bh_walls_and_bars, uniq_menkaure
D:8:      minmay_lair_entry_lava, dk_rats_in_the_wall
D:9:      lemuel_ice_statue, dancing_weapons_uskayaw, lemuel_crystal_altar,
          nemelex_xobeh_ov_fountains_minmay, nicolae_underground_beach,
          uniq_erica
D:10:     serial_shops, nicolae_shop_waterfront, shop, shop,
          nicolae_shop_overgrown_old_shop, serial_ice, serial_ice_l,
          serial_ice_e, serial_ice_f, serial_ice_b, serial_ice_n, serial_ice_d,
          serial_ice_a
D:11:     lemuel_ogre_cave, orc_0_dummy, grunt_ministairs_12
Lair:1:   grunt_forest_large_clearings, lemuel_fruit_tree,
          infiniplex_staircase_pool_2, uniq_fannar
Bailey:   bailey_polearm_4, bailey

Table legend:
 A = Turns spent in this place as a percentage of turns spent in the entire game.
 B = Non-inter-level travel turns spent in this place as a percentage of non-inter-level travel turns spent in the entire game.
 C = Inter-level travel turns spent in this place as a percentage of turns spent in this place.
 D = Turns resting spent in this place as a percentage of non-inter-level travel turns spent in this place.
 E = Turns spent auto-exploring this place as a percentage of non-inter-level travel turns spent in this place.
 F = Non-inter-level travel turns spent in this place divided by the number of levels of this place that you've seen.
                   A       B       C       D       E      F
               +-------+-------+-------+-------+-------+----------------------
         Total | 100.0 | 100.0 |   0.4 |   4.5 |   7.6 | 311.5
       Dungeon |  97.4 |  97.4 |   0.4 |   4.6 |   7.7 | 358.6
          Lair |   2.5 |   2.5 |   0.0 |   1.9 |   6.8 | 103.0
        Bailey |   0.0 |   0.0 |   0.0 |   0.0 |   0.0 |   2.0
               +-------+-------+-------+-------+-------+----------------------

Table legend:
 A = Kills in this place as a percentage of kills in entire the game.
 B = Kills by you in this place as a percentage of kills by you in the entire game.
 C = Kills by friends in this place as a percentage of kills by friends in the entire game.
 D = Other kills in this place as a percentage of other kills in the entire game.
 E = Experience gained in this place as a percentage of experience gained in the entire game.
 F = Experience gained in this place divided by the number of levels of this place that you have seen.
                   A       B       C       D       E      F
               +-------+-------+-------+-------+-------+----------------------
         Total | 100.0 | 100.0 |  -nan |  -nan | 100.0 | 1405.8
       Dungeon |  94.5 |  94.5 |  -nan |  -nan |  82.3 | 1367.7
          Lair |   5.5 |   5.5 |  -nan |  -nan |  17.7 | 3231.0
               +-------+-------+-------+-------+-------+----------------------
